AoeStats
← SeemsFishy

Arena

506431111Analyzed
4v4 RM · 19d ago on Sep 13, 2026· 59m 54s· 8 players
Game mode
Random Map
Map size
Large (8 player)
Population
200
Speed
Normal
Resources
Standard
Victory
Conquest
Starting age
Dark Age
Ending age
Imperial Age
RankedLock teamsTeams togetherTeam positionsShared explorationLock speedFull tech treeHidden civsTurbo modeCheats
Victory
Defeat
🇨🇳 Turks · China
1462
+13
🇧🇷 Wei · Brazil
1449
+13
🇨🇳 Burmese · China
1442
+13
🇨🇳 Italians · China
1332
+18
🇨🇭 Cumans · Switzerland
1479
-18
🇬🇧 Koreans · United Kingdom
1413
-15
🇩🇪 Wei · Germany
1341
-13
🇩🇪 Mongols · Germany
1297
-11
Smiley
9:06 Feudal Age
9:51 Double-Bit Axe
9:59 Horse Collar
21:09 Castle Age
19:05 Gold Mining
20:30 Bloodlines
21:02 Scale Barding Armor
22:07 Wheelbarrow
22:16 Chain Barding Armor
22:36 Loom
24:38 Hand Cart
24:08 Town Watch
26:10 Forging
32:20 Iron Casting
36:18 Imperial Age
35:44 Fletching
37:24 Ballistics
36:59 Cavalier
38:19 Plate Barding Armor
38:44 Blast Furnace
38:36 Paladin
40:56 Conscription
40:34 Pikeman
41:14 Squires
41:45 Scale Mail Armor
43:01 Coinage
43:20 Chain Mail Armor
45:56 Bow Saw
46:26 Heavy Plow
47:32 Halberdier
47:58 Arson
48:44 Plate Mail Armor
49:44 Onager
51:13 Bodkin Arrow
51:19 Padded Archer Armor
52:31 Chemistry
51:57 Thumb Ring
51:27 Elite Skirmisher
53:57 Leather Archer Armor
57:08 Two-Man Saw
58:22 Ring Archer Armor
59:02 Light Cavalry
otherguy
11:37 Feudal Age
15:29 Castle Age
13:35 Horse Collar
14:25 Double-Bit Axe
17:57 Bow Saw
18:10 Heavy Plow
19:27 Wheelbarrow
19:18 Gold Mining
23:10 Padded Archer Armor
23:00 Fletching
24:07 Leather Archer Armor
25:22 Bodkin Arrow
26:36 Ballistics
27:45 Thumb Ring
29:33 Hand Cart
33:21 Imperial Age
31:09 Scale Barding Armor
31:14 Forging
31:34 Bloodlines
32:35 Chain Barding Armor
32:21 Husbandry
34:34 Parthian Tactics
34:16 Bracer
34:46 Ring Archer Armor
34:28 Heavy Hei Guang Cavalry
37:48 Chemistry
37:51 Conscription
37:58 Ming Guang Armor
38:56 Iron Casting
42:17 Scale Mail Armor
43:17 Blast Furnace
41:41 Pikeman
42:21 Squires
43:43 Halberdier
44:32 Tuntian
46:29 Light Cavalry
47:04 Elite Skirmisher
48:31 Caravan
50:37 Hussar
SeemsFishy
10:58 Feudal Age
14:55 Castle Age
14:48 Double-Bit Axe
14:46 Horse Collar
15:50 Bow Saw
16:17 Scale Mail Armor
17:14 Wheelbarrow
18:26 Chain Mail Armor
19:40 Heavy Plow
19:33 Loom
33:53 Hand Cart
38:05 Squires
37:50 Arson
42:55 Imperial Age
41:41 Forging
41:52 Fletching
43:38 Iron Casting
43:02 Bodkin Arrow
43:24 Elite Fire Lancer
43:38 Pikeman
44:50 Plate Mail Armor
45:18 Bodkin Arrow
46:07 Halberdier
47:57 Eupseong
48:57 Bracer
49:26 Ballistics
50:07 Chemistry
50:23 Coinage
49:53 Caravan
51:31 Masonry
51:02 Treadmill Crane
53:23 Elite Skirmisher
54:30 Thumb Ring
56:05 Capped Ram
serkoprime
9:51 Feudal Age
13:51 Castle Age
12:58 Double-Bit Axe
13:27 Loom
14:50 Fletching
24:55 Imperial Age
23:00 Padded Archer Armor
23:06 Bodkin Arrow
23:47 Padded Archer Armor
23:54 Horse Collar
25:43 Bracer
34:38 Leather Archer Armor
36:33 Chemistry
37:37 Ballistics
42:11 Bow Saw
46:30 Elite Mangudai
47:52 Husbandry
50:08 Bloodlines
54:01 Onager
56:19 Drill
55:46 Siege Onager
T-900
10:32 Feudal Age
11:46 Double-Bit Axe
14:12 Castle Age
12:25 Horse Collar
15:16 Bow Saw
16:34 Loom
22:31 Wheelbarrow
22:02 Heavy Plow
22:40 Gold Mining
24:48 Hand Cart
24:19 Town Watch
24:26 Stone Mining
29:35 Imperial Age
27:45 Scale Barding Armor
28:17 Forging
28:48 Chain Barding Armor
28:41 Bloodlines
28:31 Husbandry
30:04 Iron Casting
30:45 Gold Shaft Mining
30:46 Stone Shaft Mining
29:59 Elite Tiger Cavalry
31:05 Conscription
32:38 Blast Furnace
33:14 Ming Guang Armor
35:04 Crop Rotation
37:21 Hoardings
37:46 Coinage
40:12 Light Cavalry
41:51 Hussar
45:07 Caravan
The Long Dark
10:23 Feudal Age
11:46 Double-Bit Axe
14:32 Castle Age
12:24 Horse Collar
12:38 Stone Mining
13:24 Horse Collar
15:37 Bow Saw
24:52 Heavy Plow
28:30 Imperial Age
26:07 Fletching
26:19 Padded Archer Armor
26:48 Bodkin Arrow
28:14 Wheelbarrow
28:18 Leather Archer Armor
28:38 Masonry
28:49 Ballistics
28:52 Loom
28:53 Town Watch
29:41 Conscription
29:55 Bracer
30:25 Ring Archer Armor
29:38 Elite Skirmisher
30:24 Thumb Ring
32:47 Chemistry
32:46 Ring Archer Armor
34:22 Forging
34:17 Scale Barding Armor
37:51 Two-Man Saw
37:23 Crop Rotation
37:45 Treadmill Crane
38:36 Architecture
39:57 Conscription
40:50 Hand Cart
50:54 Stone Shaft Mining
50:11 Gold Mining
53:06 Silk Road
52:57 Caravan
格格巫
10:59 Feudal Age
14:32 Castle Age
12:49 Horse Collar
16:49 Gold Mining
18:38 Padded Archer Armor
22:50 Wheelbarrow
25:47 Bloodlines
25:37 Husbandry
34:59 Imperial Age
34:45 Hand Cart
36:41 Elite Skirmisher
37:37 Fletching
41:21 Loom
48:25 Caravan
49:54 Town Watch
50:17 Heavy Plow
51:31 Coinage
52:38 Gold Shaft Mining
51:58 Stone Mining
52:27 Scale Barding Armor
52:32 Forging
53:14 Banking
53:47 Conscription
53:43 Howdah
53:45 Manipur Cavalry
54:52 Crop Rotation
54:02 Elite Battle Elephant
55:29 Chain Barding Armor
55:45 Iron Casting
56:32 Iron Casting
57:03 Plate Barding Armor
58:38 Blast Furnace
菜脯445
12:41 Feudal Age
16:55 Castle Age
15:26 Double-Bit Axe
16:51 Gold Mining
21:05 Imperial Age
18:31 Gold Mining
22:16 Bow Saw
26:49 Loom
28:31 Wheelbarrow
30:02 Horse Collar
34:20 Heavy Plow
36:59 Hand Cart
40:05 Two-Man Saw
39:14 Fletching
39:50 Padded Archer Armor
40:39 Ballistics
39:40 Heavy Cavalry Archer
40:42 Bodkin Arrow
40:34 Town Watch
41:13 Thumb Ring
41:41 Bracer
42:08 Leather Archer Armor
42:41 Sipahi
42:57 Husbandry
43:08 Bloodlines
44:12 Ring Archer Armor
44:27 Parthian Tactics
44:21 Scale Barding Armor
44:26 Forging
45:15 Gold Shaft Mining
45:58 Bombard Tower
46:24 Hoardings
47:09 Chain Barding Armor
47:20 Conscription
48:17 Coinage
47:40 Treadmill Crane
48:10 Masonry
47:57 Murder Holes
49:02 Plate Barding Armor
48:42 Artillery
50:00 Architecture
50:22 Banking
50:47 Iron Casting
53:41 Stone Mining
57:21 Caravan
Connection lost

Rejoining the realm…

Still unreachable

The connection could not be restored.

Session expired

The server has moved on; the page needs a fresh start.